 Dungeon Crawl Stone Soup version 0.28-a0-1234-g826d19b2e0 (webtiles) character file.

Game seed: 985417401179731161

451 Zonian the Sneak (level 7, -9/36 HPs)
             Began as a Vine Stalker Brigand on Dec 24, 2021.
             Mangled by a hornet (14 damage)
             ... on level 5 of the Dungeon.
             The game lasted 00:07:21 (5798 turns).

Zonian the Sneak (Vine Stalker Brigand)             Turns: 5798, Time: 00:07:21

Health: -9/36      AC:  4    Str: 13    XL:     7   Next: 4%
Magic:  0/8        EV: 13    Int: 11    God:
Gold:   166        SH:  0    Dex: 18    Spells: 6/6 levels left

rFire   . . .      SeeInvis .   f - +2 short sword (vamp)
rCold   . . .      Faith    .   (no shield)
rNeg    . . .      Spirit   +   b - +0 robe
rPois   .          Reflect  .   (no helmet)
rElec   .          Harm     .   c - +0 cloak
rCorr   .          Rampage  .   u - +0 pair of gloves
Will    .....                   (no boots)
Stlth   +++.......              (no amulet)
HPRegen 0.92/turn               (no ring)
MPRegen 0.11/turn               (no ring)

@: studying Short Blades
A: fangs 2, regeneration 1, magic shield, antimagic bite, no potion heal 2
a: no special abilities


You were on level 5 of the Dungeon.
You visited 1 branch of the dungeon, and saw 5 of its levels.

You collected 166 gold pieces.

Inventory:

Hand Weapons
 a - a +2 dagger
 f - a +2 vampiric short sword (weapon)
 g - a +0 dagger of protection
 h - a +2 falchion of freezing
 v - a +0 hunting sling
Missiles
 d - 8 poisoned darts (quivered)
 e - 2 curare-tipped darts
 j - a throwing net
Armour
 b - a +0 robe (worn)
 c - a +0 cloak (worn)
 u - a +0 pair of gloves (worn)
Magical Staves
 n - a staff of air
Jewellery
 k - a ring of protection from fire
 l - a ring of ice
 o - an amulet of faith
Scrolls
 i - 3 scrolls of teleportation
 p - a scroll of noise {unknown}
 r - a scroll of immolation
 x - a scroll of identify
Potions
 m - a potion of heal wounds
 s - a potion of curing {unknown}
 t - 2 potions of might
 w - a potion of haste {unknown}


   Skills:
 + Level 3.2 Fighting
 + Level 3.9 Short Blades
 + Level 3.3 Throwing
 + Level 2.5 Dodging
 + Level 6.3 Stealth


You had 6 spell levels left.
You didn't know any spells.
Your spell library was empty.

Dungeon Overview and Level Annotations

Branches:
Dungeon (5/15)
 Temple: D:4-7

Altars:
Ashenzari
Wu Jian


Innate Abilities, Weirdness & Mutations

You have extremely sharp teeth.
Your natural rate of healing is unusually fast.
When hurt, damage is shared between your health and your magic reserves.
Your bite disrupts and absorbs the magic of your enemies.
Potions cannot restore your health.


Message History

Found a stone staircase leading down.
Unknown command.
An adder comes into view.
An adder is nearby!
Unknown command.
The helpless adder fails to defend itself.
You impale the adder!!
You kill the adder!
No target in view!
Unknown command.
Found 24 sling bullets.
Found a stone staircase leading up.
You see here 24 sling bullets.
Found a stone staircase leading down.
Unknown command.
Found 27 stones.
Found a stone staircase leading down.
Unknown command.
A hornet comes into view.
You now have 166 gold pieces (gained 10).
There are no items here.
The hornet buzzes angrily.
The hornet stings you!
You feel yourself slow down.
You closely miss the hornet. The hornet stings you!
You suddenly lose the ability to move!
The hornet stings you!
* * * LOW HITPOINT WARNING * * *
You feel as though you will be slow longer.
You can move again.
You are too injured to fight recklessly!
Unknown command.
It was a potion of cancellation.
Your magical effects are unravelling.
You feel magically purged.
You feel yourself speed up. The hornet stings you.
* * * LOW HITPOINT WARNING * * *
You feel yourself slow down. The hornet closely misses you.
The hornet misses you.
You feel yourself speed up. The hornet stings you!
You die...

.# ## ## #.##. .# .
. #.### .# .#. #.###
.## ... #.... ..#
#.# #.### #.# #.#
#.# #.# #.#####
###.# #.# #y#...##
#...# #.# #@.....#
#.#.# #<#
#####......## #.#.#
#.####.##
............####.#.#
........#.
.####..............#
..####....
...##.......####.###
..........
.(........######.#
..#####...
.>.####..........#
..# .# ##>#########
..#######. #.#


You could see a hornet.

Vanquished Creatures
  A yak (D:4)
  A sky beast (D:5)
  A jelly (D:4)
  An iguana (D:5)
  Robin (D:3)
  4 gnolls
  2 adders
  2 worms (D:2)
  A dart slug (D:3)
  2 orcs
  4 bats
  3 endoplasms
  7 giant cockroaches
  6 hobgoblins
  3 jackals (D:3)
  6 kobolds
  2 quokkas (D:3)
  8 ball pythons
  5 frilled lizards
  16 goblins
  6 rats
82 creatures vanquished.

Notes
Turn   | Place    | Note
-------+----------+-------------------------------------------
     0 | D:1      | Zonian the Vine Stalker Brigand began the quest for the
                  | Orb.
     0 | D:1      | Reached XP level 1. HP: 11/11 MP: 2/2
   438 | D:1      | Reached skill level 1 in Dodging
   438 | D:1      | Reached XP level 2. HP: 15/15 MP: 3/3
   480 | D:1      | Reached skill level 5 in Stealth
   977 | D:1      | Reached XP level 3. HP: 18/18 MP: 4/4
  2832 | D:3      | Gained mutation: Your natural rate of healing is unusually
                  | fast. [Vine Stalker growth]
  2832 | D:3      | Reached XP level 4. HP: 22/23 MP: 3/5
  2975 | D:3      | Found an ornate altar of the Wu Jian Council.
  3244 | D:3      | Found a broken altar of Ashenzari.
  3534 | D:3      | Noticed Robin
  3605 | D:3      | Killed Robin
  3629 | D:4      | Reached XP level 5. HP: 27/27 MP: 6/6
  3656 | D:4      | Identified a scroll of acquirement
  3656 | D:4      | Acquired a manual of Short Blades
  4916 | D:5      | Entered Level 5 of the Dungeon
  4916 | D:5      | Noticed a yak
  4917 | D:5      | Noticed a yak
  4918 | D:5      | Noticed a yak
  4927 | D:5      | Noticed a yak
  4928 | D:5      | Noticed a yak
  4992 | D:4      | Killed a yak
  4993 | D:4      | Reached skill level 6 in Stealth
  4993 | D:4      | Reached XP level 6. HP: 27/32 MP: 3/7
  5251 | D:5      | Noticed a sky beast
  5285 | D:5      | Killed a sky beast
  5606 | D:5      | Reached XP level 7. HP: 36/36 MP: 8/8
  5790 | D:5      | Noticed a hornet
  5796 | D:5      | Paralysed by a hornet for 1 turns
  5798 | D:5      | Mangled by a hornet

Illustrated notes

Levels and vault maps discovered:
D:1:      eino_arrival_druids_welcome, layout_loops_corners,
          serial_bayou_lagoon_b
D:2:      layout_basic
D:3:      layout_loops_ring, mainiacjoe_overflow_alcove_4, lemuel_tele_altar,
          uniq_robin
D:4:      layout_loops_ring, hangedman_abyss_or_decor_passed
D:5:      layout_loops_ring, temple_statues

Skill      XL: |  1  2  3  4  5 |
---------------+----------------+-----
Dodging        | 1 2 |  2.5
Stealth        | 5 6 |  6.3
Fighting       | 2 3 |  3.2
Short Blades   | 2 3 |  3.9
Throwing       | 2 3 |  3.3

Action                   |  1- 3 |  4- 6 |  7- 9 || total
-------------------------+-------+-------+-------++-------
Melee: Short sword       |   111 |   153 |     2 ||   266
       Bite              |    26 |    38 |       ||    64
       Dagger            |     1 |       |       ||     1
  Use: Scroll            |       |     7 |       ||     7
       Potion            |       |       |     1 ||     1
 Stab: Sleeping          |    14 |     9 |     1 ||    24
Armor: Robe              |    25 |    27 |       ||    52
Dodge: Dodged            |    44 |    84 |     2 ||   130

Table legend: (Time is in decaauts)
 A = Elapsed time spent in this place.
 B = Non-inter-level travel time spent in this place.
 C = Inter-level travel time spent in this place.
 D = Time resting spent in this place.
 E = Time spent auto-exploring this place.
 F = Levels seen in this place.
 G = Mean time per level.
                   A        B        C        D        E       F      G
               +--------+--------+--------+--------+--------+-----+--------+
         Total |   5811 |   5702 |    109 |   2255 |   2516 |   5 | 1162.2 |
       Dungeon |   5811 |   5702 |    109 |   2255 |   2516 |   5 | 1162.2 |
               +--------+--------+--------+--------+--------+-----+--------+

Top non-repeatable levels by time:
     D:2: 1455 daAuts
     D:3: 1411 daAuts
     D:1: 1345 daAuts
     D:4: 1257 daAuts
     D:5: 341 daAuts
